 Dungeon Crawl Stone Soup version 0.28-a0-1182-g381e24db82 (webtiles) character file.

Game seed: 13281605126988315028

2096 ChaosChampion the Martial Artist (level 9, -5/52 (53) HPs)
             Began as an Octopode Transmuter on Dec 17, 2021.
             Was a Believer of Cheibriados.
             Slain by an orc warrior (9 damage)
             ... on level 7 of the Dungeon.
             The game lasted 00:13:16 (10305 turns).

ChaosChampion the Martial Artist (OpTm)            Turns: 10305, Time: 00:13:17

HP:   -5/52 (53)    AC:  2    Str: 20    XL:     9   Next: 27%
MP:   2/15          EV: 20    Int: 24    God:    Cheibriados [**....]
Gold: 455           SH:  0    Dex: 29    Spells: 6/16 levels left

rFire   . . .      SeeInvis .     - Unarmed
rCold   . . .      Faith    .   (shield currently unavailable)
rNeg    . . .      Spirit   .   (helmet currently unavailable)
rPois   x          Reflect  .   (no amulet)
rElec   .          Harm     .   b - +6 ring of strength
rCorr   .          Rampage  .   e - +6 ring of dexterity
Will    .....                   (no ring)
Stlth   ++........              (no ring)
HPRegen 0.17/turn               (no ring)
MPRegen 0.14/turn               (no ring)
                                (no ring)
                                (no ring)

@: spider-form, marked, wereblooded, very slightly contaminated, lightly
drained, very slow
A: venomous fangs, almost no armour, (amphibious), 8 rings, tiny, (camouflage
1), (gelatinous body 1), (nimble swimmer 1), (tentacles)
a: End Transformation, Renounce Religion, Bend Time


You were on level 7 of the Dungeon.
You worshipped Cheibriados.
Cheibriados was pleased with you.
You were a venomous arachnid creature.
You visited 2 branches of the dungeon, and saw 9 of its levels.

You collected 455 gold pieces.

Inventory:

Missiles
 j - 22 poisoned darts (quivered)
Jewellery
 b - a +6 ring of strength (left front leg)
 e - a +6 ring of dexterity (right front leg)
 p - a +6 ring of dexterity
Wands
 k - a wand of mindburst (2)
 o - a wand of iceblast (9)
 q - a wand of flame (17)
Scrolls
 d - 2 scrolls of teleportation
 i - a scroll of fog
 l - a scroll of fear
 m - a scroll of summoning
Potions
 a - 2 potions of curing
 c - 2 potions of lignification
 f - 3 potions of heal wounds {unknown}
 g - 3 potions of degeneration {unknown}
 h - 3 potions of haste
 n - a potion of flight {unknown}


   Skills:
 - Level 1.0 Fighting
 - Level 2.0 Dodging
 * Level 9.0 Unarmed Combat
 - Level 4.0 Spellcasting
 + Level 6.4 Transmutations
 - Level 3.0 Ice Magic
 - Level 3.0 Poison Magic


You had 6 spell levels left.
You knew the following spells:

 Your Spells              Type           Power      Damage    Failure   Level
a - Beastly Appendage     Tmut           70%        N/A       4%          1
b - Wereblood             Tmut           35%        N/A       5%          2
c - Spider Form           Tmut/Pois      27%        N/A       13%         3
d - Ice Form              Ice/Tmut       27%        N/A       32%         4

Your spell library contained the following spells:

 Spells                   Type           Power      Damage    Failure   Level
 Poisonous Vapours        Pois/Air       24%        N/A       21%         2
 Magic Dart               Conj           16%        1d3       24%         1
 Corpse Rot               Necr/Air       8%         N/A       32%         2
 Searing Ray              Conj           8%         2d4       32%         2
 Fulminant Prism          Conj/Hex       2%         3d6       85%         4


Dungeon Overview and Level Annotations

Branches:
Dungeon (8/15)             Temple (1/1) D:5
   Lair: D:8-11

Altars:
Ashenzari
Cheibriados
Dithmenos
Elyvilon
Fedhas
Gozag
Hepliaklqana
Kikubaaqudgha
Makhleb
Nemelex Xobeh
Okawaru
Qazlal
Ru
Trog
Uskayaw
Vehumet
Wu Jian
Xom
Yredelemnul
Zin
The Shining One

Annotations:
D:6 Pikel


Innate Abilities, Weirdness & Mutations

You are a venomous arachnid creature.
You have poisonous fangs.
You are tiny and dextrous.
Your spellcasting is less reliable in this form.
Your armour is entirely melded.
You are incapable of wielding weapons or throwing items.
You cannot wear most types of armour.
((You are amphibious.))
You can wear up to eight rings at the same time.
((Your skin changes colour to match your surroundings (Stealth+).))
((Your rubbery body absorbs attacks. (AC +1, EV +1)))
((You are camouflaged near water. (Stealth+)))
((You have tentacles for arms and can constrict up to eight enemies at once.))


Message History

An orc comes into view. It is wielding a +0 hand axe.
An orc wizard comes into view. It is wielding a +0 dagger of draining.
You tentacle-slap the orc warrior. Your grab misses the orc warrior.
The orc warrior is lightly wounded.
An orc comes into view. It is wielding a +1 vorpal hand axe.
The orc warrior misses you.
Casting: Wereblood (safe; 1% risk of failure)
Confirm with . or Enter, or press ? or * to list all spells.
You miscast Spider Form.
Nothing appears to happen.
The orc warrior hits you with a +0 short sword!
The orc wizard casts a spell.
The orc wizard flickers and vanishes!
Deactivating autopickup; reactivate with Ctrl-A.
The orc hits you with a +0 hand axe.
An orc comes into view. It is wielding a +0 dagger.
There is a stone staircase leading up here.
The orc barely misses you.
The orc warrior hits you with a +0 short sword!
You climb upwards.
Reactivating autopickup.
There is a stone staircase leading down here.
Casting: Spider Form (dangerous; 4% risk of failure)
Confirm with . or Enter, or press ? or * to list all spells.
You turn into a venomous arachnid creature.
The orc misses you.
The orc warrior hits you with a +0 short sword!
* * * LOW HITPOINT WARNING * * *
You are too injured to fight recklessly!
You bite the orc!
The orc is poisoned.
The orc is almost dead.
You feel a bit better.
You kill the orc!
Cheibriados appreciates the change of pace.
The orc warrior hits you with a +0 short sword.
* * * LOW HITPOINT WARNING * * *
The flow of time bends around you.
Cheibriados rebukes the orc warrior.
The orc warrior seems to slow down.
The orc warrior hits you with a +0 short sword!
You die...

#.................
#.#######..#####.#
#.# #..# #.#
#.#######..# ##..
#..........# #...
#.###...##.# #...
#.# #......# #...
#o###...#######...
#s................
#)#######.........
#.# #.....)... #.#
#......... #.#
#......... #.#
#......... #.#
#######... #.#
#### #.#


You could see an orc warrior (slow).

Vanquished Creatures
  2 water moccasins (D:6)
  2 ice beasts
  A black bear (D:7)
  A sky beast (D:5)
  2 ogres (D:5)
  2 lemures (D:6)
  3 scorpions
  A wyvern zombie (D:5)
  A water moccasin zombie (D:5)
  3 wyvern skeletons (D:7)
  A water moccasin skeleton (D:6)
  5 wights (D:7)
  A bullfrog zombie (D:5)
  A centaur zombie (D:5)
  2 hounds
  An orc priest (D:7)
  A jelly (D:5)
  Crazy Yiuf (D:3)
  2 bullfrog skeletons
  A centaur skeleton (D:5)
  4 iguanas
  2 orc wizards
  2 hound skeletons
  A howler monkey zombie (D:7)
  A howler monkey skeleton (D:7)
  A gnoll (D:1)
  6 adders
  An adder skeleton (D:4)
  2 worms (D:2)
  11 orcs
  2 endoplasms (D:2)
  7 giant cockroaches
  6 goblins
  7 hobgoblins
  10 jackals
  3 quokkas
  6 ball pythons
  3 bats
  6 frilled lizards
  7 kobolds
  A quokka skeleton (D:4)
  8 rats
131 creatures vanquished.

Vanquished Creatures (others)
  A fungus (D:3)
1 creature vanquished.

Grand Total: 132 creatures vanquished

Notes
Turn   | Place    | Note
-------+----------+-------------------------------------------
     0 | D:1      | ChaosChampion the Octopode Transmuter began the quest for
                  | the Orb.
     0 | D:1      | Reached XP level 1. HP: 13/13 MP: 3/3
   437 | D:1      | Reached XP level 2. HP: 14/18 MP: 3/5
   445 | D:1      | Learned a level 2 spell: Wereblood
   570 | D:1      | Reached XP level 3. HP: 6/23 MP: 2/6
  1149 | D:1      | Reached skill level 4 in Unarmed Combat
  1275 | D:1      | Found a faded altar of an unknown god.
  1646 | D:2      | Reached XP level 4. HP: 26/28 MP: 3/7
  1782 | D:2      | Learned a level 3 spell: Spider Form
  3306 | D:3      | You fall into a shaft and drop 3 floors!
  3397 | D:6      | Reached skill level 1 in Poison Magic
  3397 | D:6      | Reached XP level 5. HP: 19/33 MP: 2/8
  3570 | D:6      | Reached skill level 5 in Unarmed Combat
  3927 | D:6      | Reached XP level 6. HP: 26/38 MP: 4/9
  3934 | D:6      | Noticed a water moccasin
  3944 | D:6      | Killed a water moccasin
  4225 | D:5      | Entered Level 5 of the Dungeon
  4366 | D:6      | Noticed a water moccasin
  4379 | D:6      | Killed a water moccasin
  4380 | D:6      | Reached skill level 6 in Unarmed Combat
  4380 | D:6      | Reached XP level 7. HP: 28/43 MP: 5/10
  4632 | D:6      | Noticed Pikel
  4791 | D:5      | Reached skill level 5 in Transmutations
  4797 | D:5      | Reached skill level 7 in Unarmed Combat
  5020 | D:5      | Found a staircase to the Ecumenical Temple.
  5088 | D:5      | Reached XP level 8. HP: 28/48 MP: 6/11
  5098 | Temple   | Entered the Ecumenical Temple
  5438 | Temple   | Became a worshipper of Cheibriados the Contemplative
  5904 | D:3      | Learned a level 4 spell: Ice Form
  6232 | D:3      | Found a runed translucent door.
  6233 | D:3      | Noticed Crazy Yiuf
  6343 | D:3      | Killed Crazy Yiuf
  6749 | D:1      | Reached * piety under Cheibriados
  7790 | D:4      | Reached skill level 1 in Ice Magic
  8414 | D:5      | Reached skill level 8 in Unarmed Combat
  9094 | D:7      | Reached ** piety under Cheibriados
  9095 | D:7      | Reached XP level 9. HP: 53/53 MP: 9/14
  9441 | D:7      | Reached skill level 9 in Unarmed Combat
 10305 | D:7      | Slain by an orc warrior

Illustrated notes

Levels and vault maps discovered:
D:1:      lemuel_arrival_tunnels, layout_basic,
          shapermc_ecumenical_altar_ellora, patterned_corridor
D:2:      layout_basic, st_stairs_12
D:3:      layout_rooms, uniq_crazy_yiuf_cottage
D:4:      layout_basic, minmay_misc_feat_enclosed, nicolae_figureground_pulse
D:5:      layout_gridville, temple_doors_e
D:6:      layout_gridville, uniq_pikel
D:7:      layout_basic, enter_ossuary_2
D:8:      layout_cave_pods, tgw_sif, lair_entry_dummy, serial_shops,
          kennysheep_mini
Temple:   mainiacjoe_temple_archimedes_tessellation

Skill      XL: |  1  2  3  4  5  6  7  8  9 |
---------------+----------------------------+-----
Unarmed Combat | 4 5 6 7 8 9 |  9.0
Transmutations | 3 4 5 6 |  6.4
Poison Magic   | 1 2 3 |  3.0
Ice Magic      | 2 3 |  3.0
Spellcasting   | 3 4 |  4.0
Fighting       | |  1.0
Dodging        | |  2.0

Action                   |  1- 3 |  4- 6 |  7- 9 || total
-------------------------+-------+-------+-------++-------
Melee: Unarmed           |    77 |    89 |   187 ||   353
       Constrict         |    28 |     7 |     6 ||    41
       Kick              |    11 |     4 |     1 ||    16
       Tentacles         |     7 |     8 |     6 ||    21
       Punch             |     1 |       |     2 ||     3
 Cast: Beastly Appendage |    12 |    10 |     8 ||    30
       Wereblood         |     6 |    14 |    33 ||    53
       Spider Form       |       |    10 |    33 ||    43
       Ice Form          |       |       |     1 ||     1
Invok: Bend Time         |       |       |     2 ||     2
  Use: Scroll            |       |     5 |     7 ||    12
       Potion            |       |     2 |       ||     2
 Stab: Sleeping          |     6 |     2 |     3 ||    11
Armor: Skin              |     7 |     7 |    13 ||    27
Dodge: Dodged            |    39 |    60 |   147 ||   246

Table legend: (Time is in decaauts)
 A = Elapsed time spent in this place.
 B = Non-inter-level travel time spent in this place.
 C = Inter-level travel time spent in this place.
 D = Time resting spent in this place.
 E = Time spent auto-exploring this place.
 F = Levels seen in this place.
 G = Mean time per level.
                   A        B        C        D        E       F      G
               +--------+--------+--------+--------+--------+-----+--------+
         Total |  11531 |  10995 |    536 |    825 |   8497 |   9 | 1281.2 |
       Dungeon |  11152 |  10655 |    497 |    825 |   8191 |   8 | 1394.0 |
        Temple |    379 |    341 |     38 |      0 |    306 |   1 |  379.0 |
               +--------+--------+--------+--------+--------+-----+--------+

Top non-repeatable levels by time:
     D:1: 1892 daAuts
     D:6: 1814 daAuts
     D:4: 1754 daAuts
     D:7: 1745 daAuts
     D:2: 1606 daAuts
     D:3: 1514 daAuts
     D:5: 799 daAuts
  Temple: 379 daAuts
     D:8: 24 daAuts
